 Dungeon Crawl Stone Soup version 0.30.0-3-ga4e48a9924 (webtiles) character file.

Game seed: 11182119221426521170

44 dialectric the Covered (level 3, -1/29 HPs)
             Began as a Human Fighter on May 7, 2023.
             Slain by a cerulean imp
             ... wielding a +1 spear
             ... summoned by Natasha
              (2 damage)
             ... on level 2 of the Dungeon.
             The game lasted 00:00:40 (856 turns).

dialectric the Covered (Human Fighter)               Turns: 856, Time: 00:00:41

Health: -1/29      AC:  7    Str: 18    XL:     3   Next: 85%
Magic:  3/3        EV:  9    Int:  8    God:
Gold:   25         SH:  0    Dex: 12    Spells: 2/2 levels left

rFire   . . .        a - +0 long sword
rCold   . . .        (no shield)
rNeg    . . .        b - +0 scale mail
rPois   .            (no helmet)
rElec   .            (no cloak)
rCorr   .            (no gloves)
SInv    .            (no boots)
Will    .....        (no amulet) Stlth
                     (no ring)
HPRegen 0.24/turn    (no ring)
MPRegen 0.08/turn

%: no passive effects
@: no status effects
A: no striking features
a: no special abilities


You were on level 2 of the Dungeon.
You visited 1 branch of the dungeon, and saw 2 of its levels.

You collected 25 gold pieces.

Inventory:

Hand Weapons
 a - a +0 long sword (weapon)
Armour
 b - a +0 scale mail (worn)
 c - a +0 buckler
Scrolls
 e - a scroll of vulnerability {unknown}
 g - a scroll of enchant armour {unknown}
 i - a scroll of fear {unknown}
 l - a scroll of identify {unknown}
Potions
 d - a potion of might
 f - a potion of magic {unknown}
 h - a potion of ambrosia {unknown}
 j - a potion of invisibility {unknown}
 k - a potion of cancellation {unknown}


   Skills:
 + Level 3.4 Fighting
 + Level 2.4 Long Blades
 + Level 3.7 Armour
 + Level 0.6 Dodging
 - Level 3.0 Shields


You had 2 spell levels left.
You didn't know any spells.
Your spell library was empty.

Dungeon Overview and Level Annotations

Branches:
Dungeon (2/15)

Altars:

Annotations:
D:2 Natasha


Message History

Natasha is moderately wounded.
The cerulean imp barely misses you. Natasha claws you but does no damage.
You are too injured to fight recklessly!
You closely miss Natasha.
Natasha is moderately wounded.
The cerulean imp hits you with a +1 spear.
Natasha casts a spell.
Unknown command.
You closely miss Natasha.
Natasha is moderately wounded.
The cerulean imp hits you but does no damage.
Natasha claws you.
* * * LOW HITPOINT WARNING * * *
The cerulean imp hits you with a +1 spear.
* * * LOW HITPOINT WARNING * * *
You hit Natasha.
Natasha is moderately wounded.
Natasha claws you but does no damage.
The cerulean imp hits you from afar with a +2 spear.
* * * LOW HITPOINT WARNING * * *
The cerulean imp closely misses you.
Natasha mumbles some strange words.
You are too injured to fight recklessly!
You hit Natasha.
Natasha is severely wounded.
The cerulean imp hits you but does no damage.
The cerulean imp closely misses you. Natasha claws you.
* * * LOW HITPOINT WARNING * * *
The cerulean imp barely misses you. x2
You hit Natasha but do no damage.
Natasha is severely wounded.
The cerulean imp hits you but does no damage.
Natasha drinks a potion.
Natasha is healed!
The cerulean imp closely misses you. x2
You are too injured to fight recklessly!
Unknown command.
Unknown command.
You hit Natasha but do no damage. You punch Natasha, but do no damage.
The cerulean imp hits you with a +1 spear.
You die...

#.... #...# #...#
#...# #...# .
#####...#
....##5......####
.....5h@5.......#
##...#....#.....#
#$ #....#.....#
#....#.##.##.#
#....#.#<....#
+......#+###.#
#....... #
..##.... #....


You could see Natasha and 3 cerulean imps.

Vanquished Creatures
  Natasha (D:2)
  A worm (D:2)
  2 dart slugs (D:1)
  A ball python (D:1)
  A goblin (D:1)
  2 kobolds (D:1)
  2 bats (D:1)
  2 frilled lizards (D:1)
  2 rats (D:1)
14 creatures vanquished.

Notes
Turn   | Place    | Note
-------+----------+-------------------------------------------
     0 | D:1      | dialectric the Human Fighter began the quest for the Orb.
     0 | D:1      | Reached XP level 1. HP: 18/18 MP: 1/1
   163 | D:1      | Reached XP level 2. HP: 24/24 MP: 2/2
   732 | D:2      | Noticed Natasha
   743 | D:2      | Killed Natasha
   744 | D:2      | Reached XP level 3. HP: 4/29 MP: 3/3
   841 | D:2      | Noticed Natasha
   853 | D:2      | HP: 1/29 [cerulean imp/+2 spear[Natasha] (3)]
   856 | D:2      | Slain by a cerulean imp

Illustrated notes

Levels and vault maps discovered:
D:1:      minmay_arrival_up_and_down, layout_loops_ring
D:2:      kb_forest_paths, layout_basic, serial_shops, shop,
          minmay_pentomino_p4, uniq_crazy_yiuf_cottage, uniq_natasha

Action                     || total
---------------------------++-------
  Melee: Long sword        ||    74
         Punch             ||     1
 Armour: Scale mail        ||    44
  Dodge: Dodged            ||    45
